 Dungeon Crawl Stone Soup version 0.23.2-40-g277498a (webtiles) character file.

Game seed: 7270084421497991583

122 Balder the Shield-Bearer (level 5, 0/47 HPs)
             Began as a Gnoll Fighter on Aug 26, 2019.
             Slain by an orc
             ... wielding a +2 trident of flaming
              (3 damage)
             ... on level 3 of the Dungeon.
             The game lasted 00:07:33 (1495 turns).

Balder the Shield-Bearer (Gnoll Fighter)            Turns: 1495, Time: 00:07:34

Health: 0/47       AC:  7    Str: 18    XL:     5   Next: 6%
Magic:  6/6        EV:  8    Int: 10    God:
Gold:   64         SH: 11    Dex: 16    Spells: 6/6 levels left

rFire    . . .     SeeInvis .   a - +0 flail
rCold    . . .     Gourm    .   c - +0 shield
rNeg     . . .     Faith    .   b - +0 scale mail
rPois    .         Spirit   .   (no helmet)
rElec    .         Reflect  .   (no cloak)
rCorr    .         Harm     .   (no gloves)
MR       .....                  (no boots)
Stlth    +.........             (no amulet)
HPRegen  0.15/turn              (no ring)
MPRegen  0.10/turn              (no ring)

@: no status effects
A: distributed training, fangs 1, strong nose
a: no special abilities


You were on level 3 of the Dungeon.
You were not hungry.

You visited 1 branch of the dungeon, and saw 3 of its levels.

You collected 64 gold pieces.

Inventory:

Hand Weapons
 a - a +0 flail (weapon)
 u - a +0 war axe
Armour
 b - a +0 scale mail (worn)
 c - a +0 shield (worn)
Jewellery
 k - an uncursed amulet of rage {unknown}
Scrolls
 g - a scroll of fear {unknown}
 j - a scroll of magic mapping {unknown}
 l - 3 scrolls of fog {unknown}
 m - a scroll of blinking {unknown}
 n - a scroll of immolation {unknown}
 p - a scroll of amnesia {unknown}
 q - a scroll of noise {unknown}
 r - 3 scrolls of identify {unknown}
 s - a scroll of teleportation {unknown}
Potions
 d - a potion of might
 e - 2 potions of curing {unknown}
 i - a potion of brilliance {unknown}
 o - a potion of flight {unknown}
 t - a potion of agility {unknown}
Comestibles
 f - 6 rations
 h - 4 chunks of flesh


   Skills:
 + Level 6.6 Fighting
 + Level 1.3 Short Blades
 + Level 1.3 Long Blades
 + Level 1.3 Axes
 + Level 4.7 Maces & Flails
 + Level 1.3 Polearms
 + Level 1.3 Staves
 + Level 1.3 Slings
 + Level 1.3 Bows
 + Level 1.3 Crossbows
 + Level 1.3 Throwing
 + Level 6.6 Armour
 + Level 1.3 Dodging
 + Level 1.3 Stealth
 + Level 6.6 Shields
 + Level 1.3 Unarmed Combat
 + Level 1.3 Spellcasting
 + Level 1.0 Conjurations
 + Level 1.0 Hexes
 + Level 1.0 Charms
 + Level 1.0 Summonings
 + Level 1.0 Necromancy
 + Level 1.0 Translocations
 + Level 1.0 Transmutations
 + Level 1.0 Fire Magic
 + Level 1.0 Ice Magic
 + Level 1.0 Air Magic
 + Level 1.0 Earth Magic
 + Level 1.0 Poison Magic
 + Level 1.4 Invocations
 + Level 1.3 Evocations


You had 6 spell levels left.
You didn't know any spells.
Your spell library was empty.

Dungeon Overview and Level Annotations

Branches:
Dungeon (3/15)

Altars:
Uskayaw


Innate Abilities, Weirdness & Mutations

Your experience applies equally to all skills.
You have very sharp teeth.
Your uncanny sense of smell can sniff out nearby items.


Message History

The orc priest is almost dead.
You block the orc's attack. You block the quokka's attack.
The orc priest mumbles some strange prayers to Beogh against you.
Beogh smites you!
You hit the orc priest but do no damage.
The orc priest is almost dead.
The orc barely misses you.
The quokka bites you but does no damage.
The orc priest mumbles some strange prayers to Beogh against you.
Beogh smites you!
* * * LOW HITPOINT WARNING * * *
You sock the orc priest!
You kill the orc priest!
You have reached level 5!
You block the quokka's attack. The orc completely misses you.
You block the quokka's attack. The orc hits you but does no damage.
The quokka bites you but does no damage.
There is a stone staircase leading up, spattered with blood here.
The orc hits you from afar with a +2 trident of flaming.
You die...

# ∆ #.
##.#
##...#
##.....##
#......r##
......o.@#
......)[.#
.........#
........##
##.....##
∆ ##...#
##.. ###


You could see an orc and a quokka.

Vanquished Creatures
  An orc priest (D:3)
  2 adders (D:2)
  An ooze (D:1)
  3 worms (D:2)
  A dart slug (D:1)
  4 leopard geckos
  2 orcs
  2 giant cockroaches
  5 goblins
  7 hobgoblins
  5 jackals (D:2)
  A quokka (D:2)
  6 bats
  3 frilled lizards
  6 kobolds
  4 rats
53 creatures vanquished.

Notes
Turn   | Place    | Note
-------+----------+-------------------------------------------
     0 | D:1      | Balder the Gnoll Fighter began the quest for the Orb.
     0 | D:1      | Reached XP level 1. HP: 23/23 MP: 1/1
   164 | D:1      | Reached XP level 2. HP: 29/29 MP: 2/2
   543 | D:1      | Reached XP level 3. HP: 31/35 MP: 3/3
   828 | D:2      | Reached skill level 1 in Invocations
   939 | D:2      | Reached skill level 1 in Short Blades
   939 | D:2      | Reached skill level 1 in Long Blades
   939 | D:2      | Reached skill level 1 in Axes
   939 | D:2      | Reached skill level 1 in Polearms
   939 | D:2      | Reached skill level 1 in Staves
   939 | D:2      | Reached skill level 1 in Slings
   939 | D:2      | Reached skill level 1 in Bows
   939 | D:2      | Reached skill level 1 in Crossbows
   939 | D:2      | Reached skill level 1 in Throwing
   939 | D:2      | Reached skill level 1 in Dodging
   939 | D:2      | Reached skill level 1 in Stealth
   939 | D:2      | Reached skill level 1 in Unarmed Combat
   939 | D:2      | Reached skill level 1 in Spellcasting
   939 | D:2      | Reached skill level 1 in Evocations
   954 | D:2      | Reached XP level 4. HP: 41/41 MP: 5/5
  1366 | D:2      | Found a hide-covered altar of Uskayaw.
  1485 | D:3      | Reached skill level 1 in Conjurations
  1485 | D:3      | Reached skill level 1 in Hexes
  1485 | D:3      | Reached skill level 1 in Charms
  1485 | D:3      | Reached skill level 1 in Summonings
  1485 | D:3      | Reached skill level 1 in Necromancy
  1485 | D:3      | Reached skill level 1 in Translocations
  1485 | D:3      | Reached skill level 1 in Transmutations
  1485 | D:3      | Reached skill level 1 in Fire Magic
  1485 | D:3      | Reached skill level 1 in Ice Magic
  1485 | D:3      | Reached skill level 1 in Air Magic
  1485 | D:3      | Reached skill level 1 in Earth Magic
  1485 | D:3      | Reached skill level 1 in Poison Magic
  1492 | D:3      | HP: 2/41 [orc priest/divine providence (11)]
  1493 | D:3      | Reached XP level 5. HP: 3/47 MP: 6/6
  1495 | D:3      | Slain by an orc

Skill      XL: |  1  2  3  4 |
---------------+-------------+-----
Invocations    | 1 |  1.4
Short Blades   | 1 |  1.3
Long Blades    | 1 |  1.3
Axes           | 1 |  1.3
Polearms       | 1 |  1.3
Staves         | 1 |  1.3
Slings         | 1 |  1.3
Bows           | 1 |  1.3
Crossbows      | 1 |  1.3
Throwing       | 1 |  1.3
Dodging        | 1 |  1.3
Stealth        | 1 |  1.3
Unarmed Combat | 1 |  1.3
Spellcasting   | 1 |  1.3
Evocations     | 1 |  1.3
Conjurations   | 1 |  1.0
Hexes          | 1 |  1.0
Charms         | 1 |  1.0
Summonings     | 1 |  1.0
Necromancy     | 1 |  1.0
Translocations | 1 |  1.0
Transmutations | 1 |  1.0
Fire Magic     | 1 |  1.0
Ice Magic      | 1 |  1.0
Air Magic      | 1 |  1.0
Earth Magic    | 1 |  1.0
Poison Magic   | 1 |  1.0
Fighting       | |  6.6
Maces & Flails | |  4.7
Armour         | |  6.6
Shields        | |  6.6

Action                   |  1- 3 |  4- 6 || total
-------------------------+-------+-------++-------
Melee: Flail             |    93 |    67 ||   160
       Bite              |    12 |     3 ||    15
  Eat: Chunk             |       |     2 ||     2
Armor: Scale mail        |    35 |    20 ||    55
Dodge: Dodged            |    23 |    29 ||    52
Block: Shield            |    50 |    48 ||    98
